 Dungeon Crawl Stone Soup version 0.29.1-4-g47bece8355 (webtiles) character file.

Game seed: 3231258636977907478

590 rakiston the Cleaver (level 7, -2/63 HPs)
             Began as a Minotaur Berserker on Dec 8, 2022.
             Was a Believer of Trog.
             Killed from afar by a white imp (8 damage)
             ... with a puff of frost
             ... on level 5 of the Dungeon.
             The game lasted 00:32:56 (3622 turns).

rakiston the Cleaver (Minotaur Berserker)           Turns: 3622, Time: 00:32:57

Health: -2/63      AC:  6    Str: 23    XL:     7   Next: 15%
Magic:  6/6        EV: 11    Int:  4    God:    Trog [**....]
Gold:   256        SH:  0    Dex: 10    Spells: 6/6 levels left

rFire   . . .      SeeInvis .   A - +0 war axe
rCold   . . .      Faith    .   (no shield)
rNeg    . . .      Spirit   .   o - +0 ring mail
rPois   .          Reflect  .   (helmet restricted)
rElec   .          Harm     .   u - scarf {repulsion}
rCorr   .          Rampage  .   (no gloves)
Will    ++...                   C - +0 pair of boots
Stlth   +.........              (no amulet)
HPRegen 1.20/turn               (no ring)
MPRegen 0.10/turn               (no ring)

@: strong-willed, regenerating, repel missiles
A: horns 2, retaliatory headbutt
a: Renounce Religion, Berserk, Trog's Hand


You were on level 5 of the Dungeon.
You worshipped Trog.
Trog was pleased with you.
You visited 1 branch of the dungeon, and saw 5 of its levels.

You collected 256 gold pieces.

Inventory:

Hand Weapons
 z - a +0 hand axe of venom
 A - a +0 war axe (weapon)
Missiles
 a - 2 boomerangs of dispersal (quivered)
 p - 7 poisoned darts
 q - 5 atropa-tipped darts
 B - 2 boomerangs
Armour
 b - a +0 animal skin
 o - a +0 ring mail (worn)
 u - a scarf of repulsion (worn)
 C - a +0 pair of boots (worn)
Wands
 w - a wand of mindburst (10)
Scrolls
 h - a scroll of enchant weapon {unknown}
 i - a scroll of poison {unknown}
 k - a scroll of enchant armour
 l - 2 scrolls of teleportation
 m - 2 scrolls of fear
 n - a scroll of amnesia
 t - a scroll of summoning {unknown}
 v - a scroll of magic mapping {unknown}
 y - a scroll of noise {unknown}
Potions
 c - a potion of mutation {unknown}
 d - 2 potions of flight
 e - a potion of ambrosia {unknown}
 f - a potion of attraction
 g - 6 potions of curing
 j - a potion of lignification
 r - a potion of cancellation {unknown}
 s - a potion of degeneration
 x - a potion of haste


   Skills:
 + Level 6.2 Fighting
 + Level 8.3 Axes
 - Level 0.6 Throwing
 - Level 2.4 Armour
 - Level 2.1 Dodging
 - Level 0.8 Stealth


You had 6 spell levels left.
You didn't know any spells.
Your spell library contained the following spells:

 Spells                   Type           Power      Damage    Failure   Level
 Dazzling Flash           Conj/Hex       0%         N/A       95%         3
 Iskenderun's Mystic Bla  Conj/Tloc      0%         2d3       100%        4
 Starburst                Conj/Fire      0%         6d3       100%        6


Dungeon Overview and Level Annotations

Branches:
Dungeon (5/15)
 Temple: D:4-7

Altars:
Makhleb
Ru
Sif Muna
Vehumet

Shops:
D:1 :   D:3 (

Annotations:
D:3 3 runed translucent doors, Ebel's ghost, amateur SpEn


Innate Abilities, Weirdness & Mutations

You have a pair of horns on your head.
You reflexively headbutt those who attack you in melee.


Message History

Beogh smites you!
The orc priest calls down the wrath of Beogh upon you.
Pain shoots through your body!
The orc priest attacks as you move away!
The orc priest hits you but does no damage.
The orc priest invokes the aid of Beogh against you.
Beogh smites you!
A centaur comes into view.
Your skin crawls.
You feel strong-willed.
The centaur shouts!
You hear an angry hiss.
The centaur wields a +0 shortbow.
The centaur shoots an arrow.
The arrow hits you but does no damage.
You slash the orc priest!
The orc priest is severely wounded.
The centaur shoots an arrow.
The arrow barely misses you.
The orc priest hits you but does no damage.
The centaur shoots an arrow.
The arrow closely misses you.
You closely miss the orc priest. You headbutt the orc priest.
You kill the orc priest!
Trog accepts your kill.
The centaur shoots an arrow.
The arrow misses you.
A white imp comes into view.
You hit the ogre.
You headbutt the ogre, but do no damage.
The ogre is lightly wounded.
The centaur shoots an arrow.
The arrow hits you! The ogre hits you with a +0 giant club!
* * * LOW HITPOINT WARNING * * *
Blink to where?
Press: ? - help, Dir - move target, p - ogre An iguana comes into view.
As you read the scroll of blinking, it crumbles to dust.
The centaur shoots an arrow.
The arrow barely misses you.
Okay, then.
The centaur shoots an arrow.
The arrow hits you!
* * * LOW HITPOINT WARNING * * *
The white imp gestures at you. The puff of frost hits you!
You die...

..........#
)########.########.#
.# #.#........# .#
#.#.######.# .#
#..........
.########...######.
.....Oo.#........#
.######.#..#####.#
........)..O....@#
.######.#..#..#..#.#
## #.#..#....##.#
#.#..#....##.#
....c.5......##
###.l#....##....#
....#....##.####
#.#..#....##.# .
.........†<#


You could see an ogre, a centaur, an iguana and a white imp.

Vanquished Creatures
  A black bear (D:5)
  A bullfrog (D:4)
  A scorpion (D:5)
  A jelly (D:5)
  A hound (D:4)
  2 orc priests
  An iguana (D:5)
  8 gnolls
  5 adders
  A white imp (D:4)
  An ufetubus (D:4)
  A worm (D:2)
  3 dart slugs
  5 orcs
  8 ball pythons
  8 endoplasms
  2 giant cockroaches
  8 goblins
  5 hobgoblins
  3 jackals (D:1)
  7 kobolds
  6 quokkas
  7 bats
  8 frilled lizards
  7 rats
101 creatures vanquished.

Vanquished Creatures (others)
  A bat (D:2)
  2 goblins (D:2)
3 creatures vanquished.

Grand Total: 104 creatures vanquished

Notes
Turn   | Place    | Note
-------+----------+-------------------------------------------
     0 | D:1      | rakiston the Minotaur Berserker began the quest for the
                  | Orb.
     0 | D:1      | Reached XP level 1. HP: 19/19 MP: 0/0
   164 | D:1      | Reached skill level 4 in Axes
   164 | D:1      | Reached XP level 2. HP: 27/27 MP: 1/1
   298 | D:1      | Found Xulen's Book Shoppe.
   525 | D:1      | Reached XP level 3. HP: 34/34 MP: 2/2
   901 | D:2      | Found a faded altar of an unknown god.
   906 | D:2      | Reached ** piety under Trog
  1247 | D:2      | Reached XP level 4. HP: 26/41 MP: 3/3
  1248 | D:2      | Reached skill level 5 in Fighting
  1248 | D:2      | Reached skill level 5 in Axes
  1784 | D:3      | Reached XP level 5. HP: 47/48 MP: 4/4
  1795 | D:3      | Found a runed translucent gate.
  1795 | D:3      | Found a runed translucent gate.
  1795 | D:3      | Found a runed translucent gate.
  1805 | D:3      | Noticed Ebel's ghost (amateur SpEn)
  1809 | D:3      | Found Toecuul's Antique Weapon Shop.
  1981 | D:3      | Found a radiant altar of Vehumet.
  1995 | D:3      | Found a sacrificial altar of Ru.
  1995 | D:3      | Found a shimmering blue altar of Sif Muna.
  2437 | D:4      | Reached skill level 6 in Axes
  2902 | D:4      | Reached XP level 6. HP: 32/56 MP: 5/5
  3102 | D:4      | Found a burning altar of Makhleb.
  3238 | D:4      | Reached skill level 7 in Axes
  3405 | D:5      | Entered Level 5 of the Dungeon
  3497 | D:5      | Reached skill level 8 in Axes
  3497 | D:5      | Reached XP level 7. HP: 59/63 MP: 6/6
  3622 | D:5      | Killed from afar by a white imp

Illustrated notes

Levels and vault maps discovered:
D:1:      lightli_iron_boxes, layout_rooms, serial_shops,
          nicolae_shop_statue_plus
D:2:      minmay_wonky_spiral, layout_basic, hellmonk_ecumenical_altar_run_dry,
          lemuel_flame_loot_1
D:3:      layout_rooms, general_overflow_altar,
          mainiacjoe_overflow_divided_tiny, serial_shops, shop,
          ebering_ghost_rock_garden
D:4:      minmay_spotlight, layout_gridville, makhleb_heckhound_becter
D:5:      layout_basic, uniq_edmund

Skill      XL: |  1  2  3  4  5  6 |
---------------+-------------------+-----
Fighting       | 4 5 6 |  6.2
Axes           | 4 5 6 8 |  8.3
Throwing       | |  0.6
Armour         | |  2.4
Dodging        | |  2.1
Stealth        | |  0.8

Action                   |  1- 3 |  4- 6 |  7- 9 || total
-------------------------+-------+-------+-------++-------
Melee: Hand axe          |    91 |    14 |       ||   105
       Headbutt          |    11 |    12 |     4 ||    27
       Punch             |     1 |       |     1 ||     2
       War axe           |       |    96 |     9 ||   105
Throw: Stone             |    15 |    28 |       ||    43
       Boomerang         |       |     1 |     2 ||     3
Invok: Berserk           |     3 |     2 |       ||     5
       Trog's Hand       |       |     1 |     1 ||     2
  Use: Scroll            |     6 |     3 |     1 ||    10
       Potion            |     1 |     3 |       ||     4
Armor: Animal skin       |    12 |       |       ||    12
       Ring mail         |     7 |    29 |     6 ||    42
Dodge: Dodged            |    49 |    61 |     8 ||   118
       Repelled          |       |     2 |       ||     2
